 Dungeon Crawl Stone Soup version 0.31-a0-210-gccc998df9b (webtiles) character file.

Game seed: 6632092346705490275

903 innerfire43 the Trooper (level 7, -9/60 HPs)
             Began as a Demonspawn Monk on June 29, 2023.
             Was a Believer of Nemelex Xobeh.
             Mangled by an ogre
             ... wielding a +0 giant club
              (24 damage)
             ... on level 4 of the Dungeon.
             The game lasted 00:05:10 (3266 turns).

innerfire43 the Trooper (Demonspawn Monk)           Turns: 3266, Time: 00:05:12

Health: -9/60      AC: -6    Str: 19    XL:     7   Next: 80%
Magic:  7/7        EV: 14    Int: 11    God:    Nemelex Xobeh [**....]
Gold:   294        SH:  5    Dex: 16    Spells: 6/6 levels left

rFire   + . .        a - +0 hand axe
rCold   . . .        d - orb {light}
rNeg    . . .        b - +0 robe
rPois   .            j - +0 helmet
rElec   .            (no cloak)
rCorr   .            (no gloves)
SInv    .            (no boots)
Will    .....        m - amulet of reflection
Stlth   +            f - ring of protection from fire
HPRegen 0.30/turn    k - +6 ring of strength
MPRegen 0.10/turn

%: reflection
@: corroded, glowing
A: hooves 2, molten scales 2, ignite blood 1
a: Renounce Religion, Draw Escape, Draw Destruction, Draw Summoning


You were on level 4 of the Dungeon.
You worshipped Nemelex Xobeh.
Nemelex Xobeh was pleased with you.
You visited 2 branches of the dungeon, and saw 6 of its levels.

You collected 294 gold pieces.

Inventory:

Hand Weapons
 a - a +0 hand axe (weapon)
 u - the +0 short sword of Due Proportion {flame, rN+ Int+6}
   (You found it on level 4 of the Dungeon)

   Int:       It affects your intelligence (+6).
   rN:        It protects you from negative energy.
Missiles
 r - 3 boomerangs of dispersal
 y - 3 silver boomerangs
Armour
 b - a +0 robe (worn)
 d - an orb of light (worn)
 j - a +0 helmet (worn)
Jewellery
 f - a ring of protection from fire (left hand)
 k - a +6 ring of strength (right hand)
 m - an amulet of reflection (around neck)
Scrolls
 o - a scroll of amnesia {unknown}
 q - a scroll of torment {unknown}
 v - a scroll of identify
 w - a scroll of enchant weapon {unknown}
 z - a scroll of teleportation {unknown}
Potions
 c - a potion of lignification {unknown}
 e - a potion of brilliance {unknown}
 h - 3 potions of curing
 i - 2 potions of mutation {unknown}
 l - 2 potions of berserk rage {unknown}
 n - 2 potions of heal wounds {unknown}
 p - a potion of enlightenment {unknown}
 s - a potion of degeneration {unknown}
 t - a potion of haste {unknown}
 x - a potion of might {unknown}


   Skills:
 * Level 7.0 Fighting
 + Level 4.8 Axes
 + Level 4.8 Dodging


You had 6 spell levels left.
You didn't know any spells.
Your spell library contained the following spells:

 Spells                   Type           Power      Damage    Failure   Level
 Iskenderun's Battlesphe  Conj           0%         2d6       100%        5
 Leda's Unmaking          Conj/Erth      0%         9d1       100%        6
 Spellforged Servitor     Conj/Summ      0%         N/A       100%        7


Dungeon Overview and Level Annotations

Branches:
Dungeon (5/15)             Temple (1/1) D:4

Altars:
Ashenzari
Cheibriados
Fedhas
Gozag
Hepliaklqana
Kikubaaqudgha
Nemelex Xobeh
Okawaru
Qazlal
Ru
Sif Muna
Trog
Uskayaw
Vehumet
Wu Jian
Yredelemnul

Shops:
D:1 *


Innate Abilities, Weirdness & Mutations

You have hoof-like feet.
You are mostly covered in molten scales. (AC +3)
Your demonic aura sometimes causes spilled blood to erupt in flames.


Message History

You kick the jelly, but do no damage.
The jelly is moderately wounded.
You hit the ogre. The jelly hits you.
You are splashed with acid!
You hit the jelly but do no damage.
Your hands burn!
The jelly is moderately wounded.
You hit the ogre. You block the ogre's attack.
The jelly hits you but does no damage.
You hit the jelly but do no damage.
Your hands burn!
The jelly is moderately wounded.
You hit the ogre but do no damage. You block the jelly's attack.
The ogre closely misses you. You block the jelly's attack.
You hit the jelly but do no damage. The acid corrodes you!
Your hands burn!
You kick the jelly.
The jelly is heavily wounded.
You hit the ogre but do no damage. The ogre closely misses you.
The jelly barely misses you.
You hit the jelly but do no damage.
Your hands burn!
You kick the jelly, but do no damage.
The jelly is heavily wounded.
You hit the ogre. The jelly misses you.
You hit the jelly. The acid corrodes you!
Your hands burn!
The jelly is heavily wounded.
You hit the ogre but do no damage. The ogre barely misses you.
The jelly hits you.
You are splashed with acid!
* * * LOW HITPOINT WARNING * * *
You hit the jelly but do no damage.
Your hands burn!
* * * LOW HITPOINT WARNING * * *
You kick the jelly, but do no damage.
The jelly is heavily wounded.
You hit the ogre but do no damage. You block the ogre's attack.
You block the jelly's attack.
Unknown command.
You feel better. The jelly misses you.
You hit the jelly but do no damage.
Your hands burn!
* * * LOW HITPOINT WARNING * * *
The jelly is heavily wounded.
You hit the ogre but do no damage.
The ogre hits you with a +0 giant club!!
You die...
Your body disappears without additional glow.

...#
#........####...##
##.##.# # ####
###...##.......##
##.#.###
#...#######..#
#......
##...........##
##......
#..#######...##
##.##.### #..#
#..#.###.###.# #
#..# #..##...## #.#
# #..#
#####..#########.# #
### #..#
#.O@J............###
..# #..#
#.###.#######.###.##
_.# #..# #.# #.#
#.#..... ..#
#..###.###.#
#.#.#.## ''#
#.......##.# ##...##
..#### ##...>.....#
##.## P.'..#
###....#### #.#
P.'..# #.#.## #.#
P.'..# #.#.# #.#


You could see an ogre and a jelly.

Vanquished Creatures
  Sigmund (D:2)
  A black bear (D:5)
  2 ogres (D:4)
  A centaur (D:5)
  A scorpion (D:4)
  4 hounds
  An orc priest (D:4)
  A sleepcap (D:5)
  An iguana (D:5)
  2 gnolls (D:4)
  4 adders
  A worm (D:3)
  4 dart slugs
  17 orcs
  5 ball pythons
  4 endoplasms
  3 giant cockroaches
  4 goblins
  4 hobgoblins
  9 kobolds
  5 quokkas
  4 bats
  3 frilled lizards
  4 rats
86 creatures vanquished.

Notes
Turn   | Place    | Note
-------+----------+-------------------------------------------
     0 | D:1      | innerfire43 the Demonspawn Monk began the quest for the
                  | Orb.
     0 | D:1      | Reached XP level 1. HP: 18/18 MP: 1/1
    32 | D:1      | Found Avenev's Assorted Antiques.
   379 | D:1      | Gained mutation: You are partially covered in molten
                  | scales. (AC +2) [demonic ancestry]
   379 | D:1      | Reached XP level 2. HP: 24/24 MP: 2/2
   671 | D:2      | Gained mutation: Your demonic aura sometimes causes spilled
                  | blood to erupt in flames. [demonic ancestry]
   671 | D:2      | Reached XP level 3. HP: 29/30 MP: 3/3
   677 | D:2      | Noticed Sigmund
   707 | D:2      | Killed Sigmund
   708 | D:2      | Reached skill level 4 in Fighting
   708 | D:2      | Reached XP level 4. HP: 16/38 MP: 4/4
   708 | D:2      | Gained mutation: You have large cloven feet. [demonic
                  | ancestry]
   708 | D:2      | Reached XP level 5. HP: 18/43 MP: 5/5
  1131 | D:3      | Reached skill level 5 in Fighting
  1140 | D:3      | Found a stormy altar of Qazlal.
  1293 | D:3      | Found a blossoming altar of Fedhas.
  1439 | D:3      | Found a snail-covered altar of Cheibriados.
  1453 | D:3      | Found an iron altar of Okawaru.
  1779 | D:4      | Gained mutation: You have hoof-like feet. [demonic
                  | ancestry]
  1779 | D:4      | Reached XP level 6. HP: 47/51 MP: 6/6
  1885 | D:4      | Reached skill level 6 in Fighting
  2159 | D:4      | Identified the +0 short sword of Due Proportion {flame, rN+
                  | Int+6}
  2161 | D:4      | Found a staircase to the Ecumenical Temple.
  2194 | D:4      | Gained mutation: You are mostly covered in molten scales.
                  | (AC +3) [demonic ancestry]
  2194 | D:4      | Reached XP level 7. HP: 58/58 MP: 7/7
  2343 | D:4      | Found a shimmering blue altar of Sif Muna.
  2344 | D:4      | Found an opulent altar of Gozag.
  2537 | Temple   | Entered the Ecumenical Temple
  2757 | Temple   | Became a worshipper of Nemelex Xobeh the Trickster
  2757 | Temple   | Reached * piety under Nemelex Xobeh
  2757 | Temple   | Received a gift from Nemelex Xobeh
  2757 | Temple   | Reached ** piety under Nemelex Xobeh
  2796 | D:5      | Entered Level 5 of the Dungeon
  3143 | D:4      | Reached skill level 7 in Fighting
  3266 | D:4      | Mangled by an ogre

Illustrated notes

Levels and vault maps discovered:
D:1:      lemuel_arrival_behind_the_door_small, layout_rooms, serial_shops, shop
D:2:      layout_rooms, uniq_sigmund
D:3:      layout_rooms, mainiacjoe_overflow_brackets, kennysheep_slug_shrine,
          nicolae_overflow_crystal_walls, mainiacjoe_overflow_swirl
D:4:      layout_loops_ring, mainiacjoe_overflow_small_starburst,
          mainiacjoe_overflow_big_doors, minmay_temple_entry_arrows
D:5:      layout_basic, mainiacjoe_overflow_surrounded_room, minmay_shop_mayhem,
          nicolae_concentric_dashed_squares_mild, uniq_grinder
Temple:   nicolae_temple_two_arcs

Skill      XL: |  1  2  3  4  5  6  7 |
---------------+----------------------+-----
Dodging        | 3 4 |  4.8
Axes           | 3 4 |  4.8
Fighting       | 4 5 6 7 |  7.0

Action                     |  1- 3 |  4- 6 |  7- 9 || total
---------------------------+-------+-------+-------++-------
  Melee: Hand axe          |    69 |   116 |    67 ||   252
         Kick              |       |    39 |    29 ||    68
    Use: Potion            |     1 |       |     1 ||     2
         Scroll            |       |     3 |     1 ||     4
 Armour: Robe              |    15 |    21 |    14 ||    50
  Dodge: Dodged            |    43 |    78 |    59 ||   180
  Block: Orb               |       |    20 |    20 ||    40
         Reflection        |       |       |     2 ||     2

Table legend: (Time is in decaauts)
 A = Elapsed time spent in this place.
 B = Non-inter-level travel time spent in this place.
 C = Inter-level travel time spent in this place.
 D = Time resting spent in this place.
 E = Time spent auto-exploring this place.
 F = Levels seen in this place.
 G = Mean time per level.
                   A        B        C        D        E       F      G
               +--------+--------+--------+--------+--------+-----+--------+
         Total |   3298 |   3167 |    131 |      0 |   2377 |   6 |  549.7 |
       Dungeon |   3064 |   2933 |    131 |      0 |   2327 |   5 |  612.8 |
        Temple |    233 |    233 |      0 |      0 |     50 |   1 |  233.0 |
               +--------+--------+--------+--------+--------+-----+--------+

Top non-repeatable levels by time:
     D:4: 1111 daAuts
     D:3: 639 daAuts
     D:2: 557 daAuts
     D:1: 540 daAuts
  Temple: 233 daAuts
     D:5: 215 daAuts
